 Dungeon Crawl Stone Soup version 0.29.1-debian-1-gc3f1650bb9 (webtiles) character file.

Game seed: 5803428279714885882

58 IdlyInterested the Cudgeller (level 3, 0/29 HPs)
             Began as a Demonspawn Berserker on Sept 12, 2022.
             Was a Follower of Trog.
             Slain by a gnoll
             ... wielding a +0 halberd
              (7 damage)
             ... on level 3 of the Dungeon.
             The game lasted 00:03:53 (2036 turns).

IdlyInterested the Cudgeller (Demonspawn Berserker) Turns: 2036, Time: 00:03:53

Health: 0/29       AC:  8    Str: 17    XL:     3   Next: 75%
Magic:  3/3        EV:  7    Int:  8    God:    Trog [*.....]
Gold:   52         SH:  0    Dex: 14    Spells: 2/2 levels left

rFire   . . .      SeeInvis .   a - +1 mace
rCold   . . .      Faith    .   (no shield)
rNeg    . . .      Spirit   .   k - +0 chain mail
rPois   .          Reflect  .   (no helmet)
rElec   .          Harm     .   (no cloak)
rCorr   .          Rampage  .   (no gloves)
Will    .....                   (no boots)
Stlth   ..........              i - amulet of the acrobat
HPRegen 0.09/turn               (no ring)
MPRegen 0.08/turn               (no ring)

@: on berserk cooldown, slowed, very slow
A: claws 1, hooves 1
a: Renounce Religion, Berserk


You were on level 3 of the Dungeon.
You worshipped Trog.
Trog was aware of your devotion.
You visited 1 branch of the dungeon, and saw 3 of its levels.

You collected 52 gold pieces.

Inventory:

Hand Weapons
 a - a +1 mace (weapon)
Missiles
 n - 3 poisoned darts (quivered)
Armour
 k - a +0 chain mail (worn)
Jewellery
 i - an amulet of the acrobat (around neck)
Scrolls
 g - a scroll of summoning {unknown}
 l - a scroll of poison {unknown}
 m - a scroll of vulnerability {unknown}
 o - a scroll of magic mapping {unknown}
 p - a scroll of fog {unknown}
Potions
 b - a potion of haste
 c - a potion of curing
 d - a potion of resistance
 e - a potion of berserk rage {unknown}
 f - 3 potions of ambrosia {unknown}


   Skills:
 + Level 3.4 Fighting
 * Level 3.4 Maces & Flails
 * Level 2.7 Armour
 - Level 1.7 Dodging


You had 2 spell levels left.
You didn't know any spells.
Your spell library was empty.

Dungeon Overview and Level Annotations

Branches:
Dungeon (3/15)

Altars:


Innate Abilities, Weirdness & Mutations

You have sharp fingernails.
You have large cloven feet.


Message History

You climb downwards.
The frilled lizard hisses angrily.
The gnoll shouts! x2
Found an escape hatch in the floor.
There is a stone staircase leading up here.
A red film seems to cover your vision as you go berserk!
You feel yourself moving faster!
You feel mighty! The gnoll hits you with a +0 flail.
The gnoll throws a throwing net.
The throwing net hits you.
You become entangled in the net!
You struggle against the net.
You feel a strong urge to attack something.
The gnoll hits you from afar with a +0 halberd.
The gnoll barely misses you.
You struggle against the net.
The gnoll hits you but does no damage.
The gnoll hits you from afar with a +0 halberd.
You struggle against the net.
You feel your anger nearly subside.
You shred the net and break free!
You are no longer berserk.
You are exhausted.
You feel yourself slow down. The gnoll barely misses you.
The gnoll hits you with a +0 flail. The gnoll barely misses you.
You sock the gnoll! You kick the gnoll.
You kill the gnoll!
Trog accepts your kill. The gnoll hits you but does no damage.
The gnoll barely misses you. The frilled lizard barely misses you.
The gnoll hits you but does no damage.
You sock the gnoll! You kick the gnoll, but do no damage.
The gnoll is severely wounded.
The frilled lizard bites you but does no damage.
The gnoll hits you but does no damage.
The gnoll throws a throwing net.
The throwing net barely misses you.
You sock the gnoll!
You kill the gnoll!
Trog accepts your kill.
The frilled lizard bites you but does no damage.
The gnoll hits you from afar with a +0 halberd.
* * * LOW HITPOINT WARNING * * *
The frilled lizard closely misses you.
The gnoll hits you from afar with a +0 halberd!
You die...

... ... ....
..... .....#
......### #
.......(#####
. #@)...#
#.l...#
#g....#
......# ##
#.....# ..
#>....# #
#.....# #
####### #


You could see a gnoll and a frilled lizard.

Vanquished Creatures
  2 gnolls (D:3)
  An adder (D:3)
  A worm (D:2)
  A dart slug (D:1)
  3 ball pythons (D:1)
  4 endoplasms
  2 giant cockroaches
  3 goblins
  5 hobgoblins
  A quokka (D:1)
  5 bats
  2 frilled lizards
  A kobold (D:1)
  2 rats (D:2)
33 creatures vanquished.

Notes
Turn   | Place    | Note
-------+----------+-------------------------------------------
     0 | D:1      | IdlyInterested the Demonspawn Berserker began the quest for
                  | the Orb.
     0 | D:1      | Reached XP level 1. HP: 18/18 MP: 1/1
   402 | D:1      | Discovered your monstrous ancestry.
   402 | D:1      | Gained mutation: You have large cloven feet. [demonic
                  | ancestry]
   402 | D:1      | Reached XP level 2. HP: 24/24 MP: 2/2
  1196 | D:2      | Gained mutation: You have sharp fingernails. [demonic
                  | ancestry]
  1196 | D:2      | Reached XP level 3. HP: 27/29 MP: 3/3
  2036 | D:3      | Slain by a gnoll

Illustrated notes

Levels and vault maps discovered:
D:1:      minmay_arrival_doors, layout_basic, st_stairs_1
D:2:      layout_loops_corners
D:3:      layout_rooms, pdpol_wu_jian_five_deadly_venoms,
          chequers_ecumenical_altar_twisty, chequers_serial_rivers_small_a

Skill      XL: |  1  2 |
---------------+-------+-----
Armour         | 2 |  2.7
Maces & Flails | 3 |  3.4
Fighting       | |  3.4
Dodging        | |  1.7

Action                   || total
-------------------------++-------
Melee: Mace              ||    82
       Kick              ||     9
Invok: Berserk           ||     1
  Use: Scroll            ||     4
Armor: Animal skin       ||     7
       Leather armour    ||     5
       Chain mail        ||    22
Dodge: Dodged            ||    56
